[Event "GMT Biel Chess Festival classic"]
[Site "Biel/Bienne, Switzerland"]
[Date "????.??.??"]
[Round "1.1"]
[White "Naiditsch, Arkadij"]
[Black "Studer, NoÃ«l"]
[Result "1-0"]
[TimeControl "100 minutes for the first 40 moves + 50 minutes for the next 20 moves + 15 minutes for the rest of the game with an addition of 30 seconds per move starting from move one"]
[WhiteTitle "GM"]
[BlackTitle "GM"]
[WhiteFideId "4650891"]
[BlackFideId "1319620"]
[WhiteElo "2626"]
[BlackElo "2437"]

1. e4 e5 2. Nf3 Nf6 3. Nc3 Nc6 4. g3 d5 5. exd5 Nxd5 6. Bg2 Nxc3 7. bxc3 Bc5 8. O-O O-O 9. d3 Bb6 10.
a4 Re8 11. Nd2 Be6 12. Rb1 Qd7 13. Nb3 Bg4 14. Qe1 e4 15. d4 Re6 16. Be3 Rae8 17. Qd2 Qd5 18. c4 Qh5 19. c5 Ne7 20.
cxb6 Nf5 21. bxc7 Bf3 22. Nc5 Bxg2 23. Nxe6 fxe6 24. Bg5 Bf3 25. h4 Qg4 26. Kh2 e3 27. Qc3 exf2 28. Bf4 Bc6 29.
d5 exd5 30. Rxf2 d4 31. Qc4+ Kh8 32. Qxc6 bxc6 33. Rb8 Nd6 34. Bxd6 1-0

[Event "GMT Biel Chess Festival classic"]
[Site "Biel/Bienne, Switzerland"]
[Date "????.??.??"]
[Round "1.2"]
[White "Pentala, Harikrishna"]
[Black "Adams, Michael"]
[Result "1/2-1/2"]
[TimeControl "100 minutes for the first 40 moves + 50 minutes for the next 20 moves + 15 minutes for the rest of the game with an addition of 30 seconds per move starting from move one"]
[WhiteTitle "GM"]
[BlackTitle "GM"]
[WhiteFideId "5007003"]
[BlackFideId "400041"]
[WhiteElo "2719"]
[BlackElo "2701"]

1. e4 e5 2. Nf3 Nc6 3. Bb5 a6 4. Ba4 Nf6 5. O-O Be7 6. d3 b5 7. Bb3 d6 8. a3 Na5 9. Ba2 c5 10.
Nc3 Be6 11. Nh4 O-O 12. Nf5 Nc6 13. Nd5 Bxf5 14. exf5 Rc8 15. c3 Nxd5 16. Bxd5 Bf6 17. a4 Ne7 18. Qf3 Nxd5 19. Qxd5 Qd7 20.
axb5 axb5 21. g4 Qe7 22. Ra6 Rfd8 23. Re1 h5 24. gxh5 Bg5 25. f4 Bh4 26. Re4 Qf6 27. fxe5 dxe5 28.
Rxf6 Rxd5 29. Rb6 Rxd3 30. Kg2 Rd1 31. Be3 Re1 32. h6 b4 33. Rxh4 Rxe3 34. hxg7 Kxg7 35. Kf2 Rd3 36. Rbh6 Rg8 37.
f6+ Kf8 38. Rc4 Ke8 39. Rxc5 bxc3 40. Rxe5+ Kd7 41. bxc3 Rxc3 42. Rh4 Rc2+ 43. Ke3 Rc3+ 44. Kf2 Rc2+ 45. Ke3 Rc3+ 46. Kd4 1/2-1/2

[Event "GMT Biel Chess Festival classic"]
[Site "Biel/Bienne, Switzerland"]
[Date "????.??.??"]
[Round "1.3"]
[White "Keymer, Vincent"]
[Black "Anton Guijarro, David"]
[Result "1-0"]
[TimeControl "100 minutes for the first 40 moves + 50 minutes for the next 20 moves + 15 minutes for the rest of the game with an addition of 30 seconds per move starting from move one"]
[WhiteTitle "GM"]
[BlackTitle "GM"]
[WhiteFideId "12940690"]
[BlackFideId "2285525"]
[WhiteElo "2487"]
[BlackElo "2703"]

1. d4 Nf6 2. c4 e6 3. Nf3 d5 4. Nc3 Bb4 5. e3 O-O 6. Bd2 b6 7. cxd5 exd5 8. Bd3 Bb7 9. O-O Nbd7 10.
Qc2 a6 11. Ne5 c5 12. a3 cxd4 13. exd4 Bxc3 14. Bxc3 Ne4 15. Bb4 Re8 16. f3 Nef6 17. Rfe1 Rc8 18. Qf2 Nf8 19. Bd2 N6d7 20.
Ng4 Qc7 21. Ne3 Ne6 22. Nf5 Ndf8 23. Rac1 Qd7 24. Qg3 Rxc1 25. Rxc1 Ng6 26. h4 h5 27. Nd6 Rd8 28. Nxf7 Qxf7 29.
Bxg6 Qf6 30. Kh2 Qxd4 31. Re1 Bc8 32. Rxe6 1-0

[Event "GMT Biel Chess Festival classic"]
[Site "Biel/Bienne, Switzerland"]
[Date "????.??.??"]
[Round "1.4"]
[White "Wojtaszek, Radoslaw"]
[Black "Ã‰douard, Romain"]
[Result "1/2-1/2"]
[TimeControl "100 minutes for the first 40 moves + 50 minutes for the next 20 moves + 15 minutes for the rest of the game with an addition of 30 seconds per move starting from move one"]
[WhiteTitle "GM"]
[BlackTitle "GM"]
[WhiteFideId "1118358"]
[BlackFideId "633429"]
[WhiteElo "2719"]
[BlackElo "2649"]

1. d4 Nf6 2. c4 e6 3. Nf3 d5 4. Nc3 c5 5. cxd5 cxd4 6. Qxd4 exd5 7. e4 dxe4 8. Qxd8+ Kxd8 9. Ng5 Be6 10.
Nxe6+ fxe6 11. Bg5 h6 12. O-O-O+ Ke7 13. Bh4 Kf7 14. Rd8 g5 15. Bg3 Bg7 16. Rxh8 Bxh8 17. Bb5 a6 18. Ba4 b5 19.
Bc2 Nc6 20. Nxe4 Nd4 21. Re1 Nxe4 22. Bxe4 Rc8+ 23. Kb1 Nf5 24. Rc1 Rxc1+ 25. Kxc1 Nxg3 26. fxg3 b4 27. Kc2 a5 28. h3 g4 29.
hxg4 Be5 30. a3 bxa3 31. bxa3 Bxg3 32. Kd3 Kf6 33. Bc6 Kg5 34. Bd7 Kxg4 35. Bxe6+ Kg5 36. a4 Bd6 37. g4 h5 38.
gxh5 Kxh5 39. Kc4 Bb4 40. Kb5 Kg5 1/2-1/2

[Event "GMT Biel Chess Festival classic"]
[Site "Biel/Bienne, Switzerland"]
[Date "????.??.??"]
[Round "2.1"]
[White "Studer, NoÃ«l"]
[Black "Ã‰douard, Romain"]
[Result "1/2-1/2"]
[TimeControl "100 minutes for the first 40 moves + 50 minutes for the next 20 moves + 15 minutes for the rest of the game with an addition of 30 seconds per move starting from move one"]
[WhiteTitle "GM"]
[BlackTitle "GM"]
[WhiteFideId "1319620"]
[BlackFideId "633429"]
[WhiteElo "2437"]
[BlackElo "2649"]

1. d4 Nf6 2. c4 e6 3. Nf3 d5 4. Nc3 c5 5. cxd5 Nxd5 6. e4 Nxc3 7. bxc3 cxd4 8. cxd4 Bb4+ 9. Bd2 Bxd2+ 10. Qxd2 O-O 11. Bc4 Nd7 12. O-O b6 13. Rfe1 Bb7 14. Rad1 Rc8 15. Bb3 Re8 16. h3 Nf6 17. Qf4 Nh5 18.
Qh2 h6 19. Re3 Nf6 20. d5 exd5 21. e5 Nh7 22. Nd4 Qd7 23. Qf4 Nf8 24. Nf5 Ng6 25. Qg4 Rc7 26. Rde1 Kh7 27. f4 Bc8 28.
Nd6 Qxg4 29. hxg4 Rd8 30. Nxc8 Rdxc8 31. f5 Ne7 32. Kf2 b5 33. Rd3 Rc5 34. Red1 Rd8 35. f6 gxf6 36. exf6 Ng8 37. Rxd5 Rcxd5 38. Rxd5 Rxd5 39.
Bxd5 Nxf6 40. Bxf7 Nxg4+ 41. Ke2 Kg7 42. Be8 a6 43. Kd3 Kf6 44. Kc3 Ke7 45. Bh5 Ne3 46. Bf3 Kd6 47. Kb4 Nc2+ 48.
Kc3 Ne3 49. Kb4 Nd5+ 50. Bxd5 Kxd5 51. Ka5 h5 52. Kxa6 Kc6 53. g3 b4 54. Ka5 Kc5 55. Ka6 Kc6 1/2-1/2

[Event "GMT Biel Chess Festival classic"]
[Site "Biel/Bienne, Switzerland"]
[Date "????.??.??"]
[Round "2.2"]
[White "Anton Guijarro, David"]
[Black "Wojtaszek, Radoslaw"]
[Result "1/2-1/2"]
[TimeControl "100 minutes for the first 40 moves + 50 minutes for the next 20 moves + 15 minutes for the rest of the game with an addition of 30 seconds per move starting from move one"]
[WhiteTitle "GM"]
[BlackTitle "GM"]
[WhiteFideId "2285525"]
[BlackFideId "1118358"]
[WhiteElo "2703"]
[BlackElo "2719"]

1. e4 c5 2. Nf3 d6 3. d4 cxd4 4. Qxd4 Nf6 5. Bg5 Nc6 6. Bb5 Bd7 7. Qd3 Ng4 8. Nc3 h6 9. Bf4 g5 10.
Bxc6 Bxc6 11. Bd2 Bg7 12. h3 Ne5 13. Nxe5 Bxe5 14. O-O-O Qb6 15. Be3 Qa5 16. Bd4 f6 17. Kb1 Bxd4 18.
Qxd4 Qe5 19. Qd2 h5 20. h4 O-O-O 21. f3 Kb8 22. Nd5 g4 23. Rhe1 gxf3 24. gxf3 Rhg8 25. b3 Rg3 26. Re3 Rdg8 27.
Nb4 Bd7 28. Nd3 Qd4 29. Nf4 Qxd2 30. Rxd2 Rg1+ 31. Kb2 Rh1 32. Nd5 Rg7 33. Ree2 Rxh4 34. Rg2 Rxg2 35. Rxg2 Be6 36. Nxe7 Rf4 37.
Rh2 Rxf3 38. Rxh5 Rf4 39. Nd5 Bxd5 40. exd5 b5 41. Rh7 1/2-1/2

[Event "GMT Biel Chess Festival classic"]
[Site "Biel/Bienne, Switzerland"]
[Date "????.??.??"]
[Round "2.4"]
[White "Naiditsch, Arkadij"]
[Black "Pentala, Harikrishna"]
[Result "1/2-1/2"]
[TimeControl "100 minutes for the first 40 moves + 50 minutes for the next 20 moves + 15 minutes for the rest of the game with an addition of 30 seconds per move starting from move one"]
[WhiteTitle "GM"]
[BlackTitle "GM"]
[WhiteFideId "4650891"]
[BlackFideId "5007003"]
[WhiteElo "2626"]
[BlackElo "2719"]

1. e4 c5 2. Nf3 e6 3. d4 cxd4 4. Nxd4 Nc6 5. Nc3 Qc7 6. Be3 a6 7. a3 b5 8. Nxc6 Qxc6 9. Qd4 Bb7 10.
O-O-O Rc8 11. Bd3 Qc5 12. Rhe1 Qxd4 13. Bxd4 Ne7 14. f4 b4 15. axb4 Nc6 16. Bf1 Nxb4 17. Kb1 Rg8 18. h4 h6 19.
h5 Be7 20. Re3 Bh4 21. Rh3 Bf6 22. Rg3 Bxd4 23. Rxd4 Nc6 24. Ra4 Ke7 25. Bxa6 Bxa6 26. Rxa6 g6 27. hxg6 Rxg6 28. Rxg6 fxg6 29.
Kc1 Rf8 30. Ne2 e5 31. g3 exf4 32. Nxf4 Kf7 33. b4 Nxb4 34. Rxg6 Rc8 35. Rxh6 Rxc2+ 36. Kd1 Rc4 37. e5 Rd4+ 38.
Ke2 Re4+ 39. Kf3 Rxe5 40. Rh7+ Ke8 41. Rh8+ Kf7 42. Rh7+ Ke8 43. Rh8+ Kf7 44. Rh7+ 1/2-1/2

[Event "GMT Biel Chess Festival classic"]
[Site "Biel/Bienne, Switzerland"]
[Date "????.??.??"]
[Round "3.1"]
[White "Pentala, Harikrishna"]
[Black "Studer, NoÃ«l"]
[Result "1/2-1/2"]
[TimeControl "90 minutes for the first 40 moves + 30 minutes for the rest of the game with an addition of 30 seconds per move starting from move one"]
[WhiteTitle "GM"]
[BlackTitle "GM"]
[WhiteFideId "5007003"]
[BlackFideId "1319620"]
[WhiteElo "2719"]
[BlackElo "2437"]

1. d4 Nf6 2. c4 e6 3. Nc3 Bb4 4. e3 O-O 5. Nf3 d5 6. Bd2 b6 7. cxd5 exd5 8. Bd3 Bb7 9. O-O Bd6 10.
Qc2 c5 11. dxc5 bxc5 12. Ne2 Qe7 13. Ng3 g6 14. Rfe1 Ne4 15. Bc3 f5 16. Rad1 Nc6 17. Qa4 Rad8 18. Bb5 Qc7 19. Rxd5 Nxc3 20.
bxc3 Ne5 21. Rxe5 Bxe5 22. Ng5 Bd5 23. c4 Bf7 24. Nxf7 Rxf7 25. Bc6 Rf6 26. Bd5+ Kg7 27. f4 Bc3 28.
Rb1 Rb6 29. Rb3 Rxb3 30. axb3 Rb8 31. Kf2 Qa5 32. Qd7+ Kh8 33. Ne2 Bg7 34. h3 Qb6 35. g4 a5 36. gxf5 Qf6 37. fxg6 hxg6 38.
Qa4 Qb6 39. Qa2 Rf8 40. Kg2 Qb4 41. Qc2 Qe1 42. Bf3 Kh7 43. Qd3 Bf6 44. Qd7+ Kh6 45. Qd6 Kg7 46. Qxc5 Bh4 47. Qd4+ Kh6 48.
e4 Rd8 49. Qc5 Rd2 50. Qf8+ Kh7 51. Qf7+ Kh6 52. Qf8+ 1/2-1/2

[Event "GMT Biel Chess Festival classic"]
[Site "Biel/Bienne, Switzerland"]
[Date "????.??.??"]
[Round "3.2"]
[White "Keymer, Vincent"]
[Black "Naiditsch, Arkadij"]
[Result "1-0"]
[TimeControl "90 minutes for the first 40 moves + 30 minutes for the rest of the game with an addition of 30 seconds per move starting from move one"]
[WhiteTitle "GM"]
[BlackTitle "GM"]
[WhiteFideId "12940690"]
[BlackFideId "4650891"]
[WhiteElo "2487"]
[BlackElo "2626"]

1. d4 Nf6 2. c4 g6 3. g3 Bg7 4. Bg2 O-O 5. Nc3 d6 6. Nf3 c6 7. e4 Bg4 8. h3 Bxf3 9. Bxf3 e5 10.
d5 cxd5 11. cxd5 a5 12. Be3 Na6 13. h4 h5 14. g4 hxg4 15. Bxg4 Nxg4 16. Qxg4 Nb4 17. h5 f5 18. Qxg6 Rf6 19.
Qg2 Kh7 20. exf5 Nc2+ 21. Kd2 Nxe3 22. fxe3 Qb6 23. Kc2 Rc8 24. Rag1 Bh6 25. Kb1 Qxe3 26. Ne4 Rff8 27. Qg6+ Kh8 28.
Nf6 1-0

[Event "GMT Biel Chess Festival classic"]
[Site "Biel/Bienne, Switzerland"]
[Date "????.??.??"]
[Round "3.3"]
[White "Wojtaszek, Radoslaw"]
[Black "Adams, Michael"]
[Result "1/2-1/2"]
[TimeControl "90 minutes for the first 40 moves + 30 minutes for the rest of the game with an addition of 30 seconds per move starting from move one"]
[WhiteTitle "GM"]
[BlackTitle "GM"]
[WhiteFideId "1118358"]
[BlackFideId "400041"]
[WhiteElo "2719"]
[BlackElo "2701"]

1. d4 Nf6 2. c4 e6 3. Nf3 d5 4. Nc3 Be7 5. Bf4 O-O 6. e3 Nbd7 7. Be2 dxc4 8. O-O c5 9. dxc5 Nxc5 10.
Bxc4 Qxd1 11. Rfxd1 b6 12. Ne5 Bb7 13. f3 Rfd8 14. e4 Kf8 15. Be2 Ncd7 16. Nc4 Bc6 17. Rac1 Ne8 18. Kf1 h6 19.
a3 Bg5 20. Be3 Bxe3 21. Nxe3 Nc5 22. b4 Nb3 23. Rxd8 Rxd8 24. Rd1 Rxd1+ 25. Bxd1 Nd4 26. e5 Ke7 27. Kf2 Nc7 28. f4 f6 29.
Ne2 fxe5 30. fxe5 Nxe2 31. Bxe2 Nd5 32. g3 Nxe3 33. Kxe3 g5 34. h4 gxh4 35. gxh4 Be8 36. Kd4 Bc6 37.
Bd1 Kd7 38. a4 Ke7 39. a5 Kd7 40. axb6 axb6 41. Be2 1/2-1/2

[Event "GMT Biel Chess Festival classic"]
[Site "Biel/Bienne, Switzerland"]
[Date "????.??.??"]
[Round "3.4"]
[White "Ã‰douard, Romain"]
[Black "Anton Guijarro, David"]
[Result "0-1"]
[TimeControl "90 minutes for the first 40 moves + 30 minutes for the rest of the game with an addition of 30 seconds per move starting from move one"]
[WhiteTitle "GM"]
[BlackTitle "GM"]
[WhiteFideId "633429"]
[BlackFideId "2285525"]
[WhiteElo "2649"]
[BlackElo "2703"]

1. d4 Nf6 2. c4 e6 3. Nc3 Bb4 4. Qc2 O-O 5. e4 d5 6. e5 Ne4 7. Bd3 c5 8. Nf3 cxd4 9. Nxd4 Nd7 10.
Bf4 Qh4 11. g3 Qh5 12. O-O g5 13. cxd5 Bxc3 14. bxc3 exd5 15. Bc1 Nxe5 16. Bxe4 dxe4 17. Qxe4 Re8 18. f4 Qxh2+ 19. Kxh2 Ng4+ 20.
Kg2 Rxe4 21. fxg5 Bd7 22. Bf4 Rae8 23. Rad1 Ne3+ 24. Bxe3 Rxe3 25. Nf5 Re2+ 26. Kh3 Be6 27. a4 Re3 28.
c4 Re4 29. Rb1 b6 30. a5 Re5 31. g4 Rxa5 32. Rf4 Rd8 33. Rb3 Rc5 34. Ra3 Rd7 35. Re3 Rdc7 36. Rd3 Bxf5 37. gxf5 Rxc4 38.
Rxc4 Rxc4 39. Rd7 a5 40. Rb7 Rc8 41. Kg4 Ra8 42. g6 hxg6 43. fxg6 fxg6 44. Rxb6 Kf7 45. Rb7+ Ke6 0-1

[Event "GMT Biel Chess Festival classic"]
[Site "Biel/Bienne, Switzerland"]
[Date "????.??.??"]
[Round "4.1"]
[White "Studer, NoÃ«l"]
[Black "Anton Guijarro, David"]
[Result "1-0"]
[TimeControl "90 minutes for the first 40 moves + 30 minutes for the rest of the game with an addition of 30 seconds per move starting from move one"]
[WhiteTitle "GM"]
[BlackTitle "GM"]
[WhiteFideId "1319620"]
[BlackFideId "2285525"]
[WhiteElo "2437"]
[BlackElo "2703"]

1. d4 Nf6 2. c4 g6 3. Nc3 d5 4. cxd5 Nxd5 5. e4 Nxc3 6. bxc3 Bg7 7. Bc4 c5 8. Ne2 Nc6 9. Be3 O-O 10.
O-O b6 11. Rc1 Bb7 12. Bb5 Na5 13. d5 c4 14. Nd4 a6 15. Ba4 b5 16. Bc2 Qd7 17. h4 e6 18. dxe6 fxe6 19. Qg4 Rae8 20.
e5 Bxe5 21. h5 Bxd4 22. Bxd4 Nc6 23. Rcd1 Nxd4 24. Rxd4 Qg7 25. hxg6 hxg6 26. Bxg6 Re7 27. Re1 Bd5 28. Qg3 Rf6 29.
Rg4 Qf8 30. Re5 Rg7 31. Rh5 Qe7 32. Rh6 1-0

[Event "GMT Biel Chess Festival classic"]
[Site "Biel/Bienne, Switzerland"]
[Date "????.??.??"]
[Round "4.2"]
[White "Adams, Michael"]
[Black "Ã‰douard, Romain"]
[Result "1/2-1/2"]
[TimeControl "90 minutes for the first 40 moves + 30 minutes for the rest of the game with an addition of 30 seconds per move starting from move one"]
[WhiteTitle "GM"]
[BlackTitle "GM"]
[WhiteFideId "400041"]
[BlackFideId "633429"]
[WhiteElo "2701"]
[BlackElo "2649"]

1. e4 e6 2. d4 d5 3. Nc3 Nf6 4. e5 Nfd7 5. Nce2 c5 6. c3 Nc6 7. Nf3 Qb6 8. a3 cxd4 9. cxd4 f6 10.
exf6 Nxf6 11. Nc3 Bd6 12. Bd3 O-O 13. O-O e5 14. dxe5 Nxe5 15. Be2 Nxf3+ 16. Bxf3 d4 17. Ne4 Nxe4 18.
Bxe4 Bf5 19. Bxf5 Rxf5 20. Qd3 Raf8 21. Bd2 Qc7 22. g3 Qf7 23. f4 a5 24. Rac1 Qd5 25. Qc4 Qxc4 26. Rxc4 g5 27.
b4 axb4 28. Bxb4 Bxb4 29. Rxb4 gxf4 30. Rxf4 Rxf4 31. gxf4 Rxf4 32. Rxb7 Rf3 33. Rd7 Rxa3 34. Rxd4 Ra2 35. Rd7 Rb2 36.
h3 h6 37. Kh1 Ra2 38. Kg1 Rb2 39. Kh1 Ra2 40. Kg1 Rb2 1/2-1/2

[Event "GMT Biel Chess Festival classic"]
[Site "Biel/Bienne, Switzerland"]
[Date "????.??.??"]
[Round "4.3"]
[White "Naiditsch, Arkadij"]
[Black "Wojtaszek, Radoslaw"]
[Result "0-1"]
[TimeControl "90 minutes for the first 40 moves + 30 minutes for the rest of the game with an addition of 30 seconds per move starting from move one"]
[WhiteTitle "GM"]
[BlackTitle "GM"]
[WhiteFideId "4650891"]
[BlackFideId "1118358"]
[WhiteElo "2626"]
[BlackElo "2719"]

1. e4 c5 2. Nf3 d6 3. Bb5+ Nd7 4. d4 cxd4 5. Qxd4 a6 6. Bxd7+ Bxd7 7. c4 e5 8. Qd3 b5 9. Nc3 bxc4 10.
Qxc4 Be6 11. Qd3 h6 12. O-O Nf6 13. Rd1 Be7 14. Ne1 O-O 15. Nc2 Qd7 16. Ne3 Rfc8 17. Bd2 Bd8 18. Ncd5 Qb7 19.
Bc3 Nxd5 20. Nxd5 Rc6 21. h3 Rac8 22. Kh2 Bg5 23. f3 Rc5 24. Ne3 Qb6 25. Re1 Bf4+ 26. g3 Bxe3 27. Qxe3 Qc6 28.
a3 f6 29. Rad1 Rd8 30. Rd2 d5 31. exd5 Rcxd5 32. Rxd5 Qxd5 33. f4 Bc8 34. fxe5 Bb7 35. Rg1 fxe5 36. g4 Rf8 37. g5 Rf3 38.
Qxe5 Rf2+ 39. Kg3 Rg2+ 40. Rxg2 Qxg2+ 41. Kh4 Qf2+ 0-1

[Event "GMT Biel Chess Festival classic"]
[Site "Biel/Bienne, Switzerland"]
[Date "????.??.??"]
[Round "4.4"]
[White "Pentala, Harikrishna"]
[Black "Keymer, Vincent"]
[Result "1-0"]
[TimeControl "90 minutes for the first 40 moves + 30 minutes for the rest of the game with an addition of 30 seconds per move starting from move one"]
[WhiteTitle "GM"]
[BlackTitle "GM"]
[WhiteFideId "5007003"]
[BlackFideId "12940690"]
[WhiteElo "2719"]
[BlackElo "2487"]

1. c4 c6 2. d4 d5 3. Nc3 Nf6 4. e3 e6 5. Nf3 Nbd7 6. Bd3 dxc4 7. Bxc4 b5 8. Bb3 b4 9. Ne2 Be7 10.
O-O Bb7 11. Nf4 c5 12. Ng5 O-O 13. Ngxe6 fxe6 14. Nxe6 Qc8 15. Nxc5+ Kh8 16. Nxb7 Qxb7 17. f3 a5 18. e4 Nb6 19.
Qe2 a4 20. Bc2 Rfc8 21. Bd3 a3 22. b3 Qd7 23. Be3 Rc3 24. Rad1 Rd8 25. Kh1 Qe8 26. Bg1 Bf8 27. Qe1 Nbd7 28.
Bb1 Nh5 29. e5 Qe6 30. Qh4 Qh6 31. g4 Nf4 32. Qxd8 Qh3 33. Rf2 Rxf3 34. Qa8 Rxf2 35. Bxf2 Qxg4 36. Rg1 Qh5 37. Re1 1-0

[Event "GMT Biel Chess Festival classic"]
[Site "Biel/Bienne, Switzerland"]
[Date "????.??.??"]
[Round "5.1"]
[White "Keymer, Vincent"]
[Black "Studer, NoÃ«l"]
[Result "1-0"]
[TimeControl "90 minutes for the first 40 moves + 30 minutes for the rest of the game with an addition of 30 seconds per move starting from move one"]
[WhiteTitle "GM"]
[BlackTitle "GM"]
[WhiteFideId "12940690"]
[BlackFideId "1319620"]
[WhiteElo "2487"]
[BlackElo "2437"]

1. d4 Nf6 2. c4 e6 3. Nc3 Bb4 4. f3 d5 5. a3 Be7 6. e4 dxe4 7. fxe4 c5 8. d5 exd5 9. exd5 O-O 10.
Be2 Re8 11. Nf3 Bg4 12. O-O Nbd7 13. h3 Bxf3 14. Rxf3 Bd6 15. Bg5 Qe7 16. Nb5 Bb8 17. Re3 Be5 18. d6 Qf8 19. Bg4 a6 20.
Bxd7 Nxd7 21. Be7 Rxe7 22. dxe7 Qxe7 23. Nc7 Rd8 24. Nd5 Qg5 25. Kh1 Bd4 26. Re7 Ne5 27. Rxb7 h5 28. Qc1 Qh4 29.
Ne7+ Kf8 30. Nf5 Qf6 31. Qf1 Qc6 32. Rb3 Qa4 33. Rg3 Bxb2 34. Rb1 Qxc4 35. Qf2 Bc1 36. Qe1 Bf4 37. Rd1 Re8 38.
Rc3 Qe6 39. Qe4 Ng6 40. Qxe6 fxe6 41. Ne3 Rc8 42. Nc4 Rb8 43. g3 Bc7 44. Rd7 Bd8 45. Re3 Bf6 46. Rxe6 Kg8 47. Rb6 Re8 48.
Rd5 h4 49. gxh4 Nf4 50. Rf5 Re4 51. Nd2 Re1+ 52. Kh2 Be5 53. Nf3 Bc7 54. Nxe1 Ne6+ 55. Re5 Nd4 56. Rxa6 Bxe5+ 57. Kg2 1-0

[Event "GMT Biel Chess Festival classic"]
[Site "Biel/Bienne, Switzerland"]
[Date "????.??.??"]
[Round "5.2"]
[White "Wojtaszek, Radoslaw"]
[Black "Pentala, Harikrishna"]
[Result "0-1"]
[TimeControl "90 minutes for the first 40 moves + 30 minutes for the rest of the game with an addition of 30 seconds per move starting from move one"]
[WhiteTitle "GM"]
[BlackTitle "GM"]
[WhiteFideId "1118358"]
[BlackFideId "5007003"]
[WhiteElo "2719"]
[BlackElo "2719"]

1. d4 d5 2. c4 c6 3. Nf3 Nf6 4. e3 Bf5 5. Nc3 e6 6. Nh4 Be4 7. f3 Bg6 8. Qb3 Qc7 9. Bd2 Be7 10.
O-O-O dxc4 11. Bxc4 b5 12. Be2 a6 13. Nxg6 hxg6 14. Ne4 Nxe4 15. fxe4 c5 16. Kb1 Nc6 17. Bc3 O-O 18. h4 c4 19.
Qc2 b4 20. Be1 c3 21. h5 g5 22. e5 b3 23. Qxc3 bxa2+ 24. Ka1 Bb4 25. Qc2 Bxe1 26. h6 Rfc8 27. Rdxe1 Nb4 28. Qxc7 Rxc7 29.
hxg7 Nc2+ 30. Kxa2 Nxe1 31. Rh8+ Kxg7 32. Rxa8 Nxg2 33. Rxa6 Nxe3 34. Ra3 Nf5 35. Rd3 Rd7 36. d5 Rxd5 37.
Rxd5 exd5 38. b4 Nd4 39. Bg4 Nc6 40. b5 Nxe5 41. b6 Kf6 42. b7 Nc6 43. Ka3 Ke5 44. Ka4 Kd6 45. Kb5 Kc7 46.
Kc5 Ne7 47. b8=Q+ Kxb8 48. Kd6 f5 49. Bd1 g4 50. Ke5 0-1

[Event "GMT Biel Chess Festival classic"]
[Site "Biel/Bienne, Switzerland"]
[Date "????.??.??"]
[Round "5.3"]
[White "Ã‰douard, Romain"]
[Black "Naiditsch, Arkadij"]
[Result "1/2-1/2"]
[TimeControl "90 minutes for the first 40 moves + 30 minutes for the rest of the game with an addition of 30 seconds per move starting from move one"]
[WhiteTitle "GM"]
[BlackTitle "GM"]
[WhiteFideId "633429"]
[BlackFideId "4650891"]
[WhiteElo "2649"]
[BlackElo "2626"]

1. d4 Nf6 2. c4 e6 3. Nc3 Bb4 4. Nf3 b6 5. Qb3 a5 6. g3 Nc6 7. Bg2 a4 8. Qc2 Ba6 9. O-O a3 10.
Rd1 axb2 11. Bxb2 Na5 12. Ne5 c6 13. d5 cxd5 14. cxd5 Rc8 15. dxe6 fxe6 16. Rac1 O-O 17. Qa4 Bc5 18.
Nxd7 Nxd7 19. Rxd7 Qf6 20. Kh1 Bxe2 21. Qc2 Bf3 22. Ne4 Bxg2+ 23. Kxg2 Qf3+ 24. Kg1 e5 25. Bxe5 Bxf2+ 26. Nxf2 Qxf2+ 27. Qxf2 Rxc1+ 28. Kg2 Rxf2+ 29. Kxf2 Rc2+ 30. Kg1 g6 31. a4 Nc4 32. Rg7+ Kf8 33. Rc7 Rc1+ 34. Kg2 Ne3+ 35. Kf3 Rxc7 36.
Bxc7 Nd5 37. Be5 Ke7 38. Ke4 Ke6 39. g4 h5 40. gxh5 gxh5 41. Bd4 Kd6 42. Kf5 Kc6 43. Kg5 b5 44.
a5 b4 45. Kxh5 Kb5 46. Kg5 b3 47. h4 Ne7 48. h5 Ng8 49. Bc3 Kc4 50. Bb2 Kb5 51. Bc3 1/2-1/2

[Event "GMT Biel Chess Festival classic"]
[Site "Biel/Bienne, Switzerland"]
[Date "????.??.??"]
[Round "5.4"]
[White "Anton Guijarro, David"]
[Black "Adams, Michael"]
[Result "1-0"]
[TimeControl "90 minutes for the first 40 moves + 30 minutes for the rest of the game with an addition of 30 seconds per move starting from move one"]
[WhiteTitle "GM"]
[BlackTitle "GM"]
[WhiteFideId "2285525"]
[BlackFideId "400041"]
[WhiteElo "2703"]
[BlackElo "2701"]

1. c4 Nf6 2. Nf3 e6 3. g3 d5 4. Bg2 dxc4 5. Qa4+ Bd7 6. Qxc4 c5 7. Ne5 Qc8 8. Qd3 Nc6 9. Nxd7 Nxd7 10.
b3 Be7 11. Bb2 O-O 12. O-O Rd8 13. Nc3 Nf6 14. Qc2 Nb4 15. Qc1 Qd7 16. Rd1 Rac8 17. d3 h6 18. Rb1 b6 19. a3 Nc6 20.
e3 Nd5 21. Ne4 Qc7 22. Qc2 Qb8 23. Qe2 Ne5 24. Rbc1 Nd7 25. f4 a5 26. g4 N5f6 27. Nd2 Nd5 28. Ne4 N5f6 29. Nc3 b5 30.
g5 hxg5 31. fxg5 Nh7 32. h4 Ne5 33. Ne4 c4 34. Bxe5 Qxe5 35. d4 Qc7 36. a4 f5 37. gxf6 Nxf6 38. Nxf6+ Bxf6 39. axb5 c3 40.
Qg4 Qd6 41. Bf1 c2 42. Rd2 Rc3 43. Bd3 Rxb3 44. Rcxc2 Kf8 45. Rd1 Qb4 46. Rc7 Rc3 47. b6 Rxc7 48. bxc7 Rc8 49. Qxe6 Rxc7 50.
Rb1 Re7 51. Qc6 Qd2 52. Rb8+ Kf7 53. Qd5+ Re6 54. Qh5+ 1-0

[Event "GMT Biel Chess Festival classic"]
[Site "Biel/Bienne, Switzerland"]
[Date "????.??.??"]
[Round "6.2"]
[White "Naiditsch, Arkadij"]
[Black "Anton Guijarro, David"]
[Result "1-0"]
[TimeControl "90 minutes for the first 40 moves + 30 minutes for the rest of the game with an addition of 30 seconds per move starting from move one"]
[WhiteTitle "GM"]
[BlackTitle "GM"]
[WhiteFideId "4650891"]
[BlackFideId "2285525"]
[WhiteElo "2626"]
[BlackElo "2703"]

1. e4 c5 2. Nf3 Nc6 3. Bb5 e6 4. O-O Nge7 5. Re1 a6 6. Bf1 b6 7. d4 cxd4 8. Nxd4 Nxd4 9. Qxd4 Nc6 10.
Qd2 Qc7 11. c4 Bd6 12. h3 Bb7 13. Nc3 Rd8 14. Qd1 O-O 15. Be3 Bc5 16. Rc1 Ne5 17. Na4 Bxe3 18. Rxe3 f5 19. Qd4 fxe4 20.
Qxb6 Qxb6 21. Nxb6 d5 22. cxd5 exd5 23. Rb3 Rf7 24. Rc5 Re7 25. Rb4 d4 26. Nc4 Nxc4 27. Bxc4+ Kf8 28. Rf5+ Ke8 29.
Bb3 Bc6 30. Rb6 Bd7 31. Rd5 e3 32. fxe3 dxe3 33. Rd1 a5 34. Bc4 Re5 35. Rb7 Rc8 36. Rdxd7 Rxc4 37. Rxg7 Rc1+ 38. Kh2 Kf8 39.
Rxh7 Kg8 40. Rbg7+ Kf8 41. Rb7 Kg8 42. Rhe7 1-0